AoeStats
← asuna

Fortress

509719992Analyzed
4v4 RM · 3d ago on Sep 27, 2026· 61m 36s· 8 players
Game mode
Random Map
Map size
Huge
Population
200
Speed
Normal
Resources
Standard
Victory
Conquest
Starting age
Dark Age
Ending age
Imperial Age
RankedLock teamsTeams togetherTeam positionsShared explorationLock speedFull tech treeHidden civsTurbo modeCheats
Victory
Defeat
🇫🇷 Vikings · France
856
+15
🇬🇧 Britons · United Kingdom
792
+18
🇪🇸 Burgundians · Spain
749
+19
🇬🇧 Byzantines · United Kingdom
675
+22
🇪🇸 Vietnamese · Spain
847
-19
🇹🇷 Huns · Türkiye
843
-19
🇵🇱 Khmer · Poland
803
-18
🇬🇧 Ethiopians · United Kingdom
799
-18
Bad Loser
7:15 Feudal Age
14:23 Castle Age
13:49 Double-Bit Axe
17:07 Caravan
23:35 Imperial Age
22:09 Bow Saw
23:03 Fortified Wall
26:36 Wheelbarrow
25:49 Town Watch
25:59 Fletching
26:12 Scale Mail Armor
26:38 Conscription
Angelique
1:43 Loom
8:03 Feudal Age
9:23 Double-Bit Axe
9:19 Horse Collar
11:44 Man-at-Arms
14:56 Castle Age
22:10 Ballistics
22:02 Fortified Wall
21:50 Murder Holes
21:53 Gold Mining
21:54 Stone Mining
23:01 Heavy Plow
25:49 Bow Saw
27:52 Wheelbarrow
31:42 Imperial Age
30:07 Hand Cart
31:42 Elite Ballista Elephant
32:24 Double Crossbow
33:22 Conscription
33:38 Crop Rotation
33:13 Caravan
34:30 Chemistry
35:42 Siege Engineers
41:05 Scale Barding Armor
41:01 Padded Archer Armor
42:30 Bloodlines
42:21 Husbandry
asuna
6:03 Loom
8:26 Feudal Age
14:59 Castle Age
12:50 Double-Bit Axe
12:51 Horse Collar
13:06 Gold Mining
13:26 Scale Barding Armor
13:32 Forging
16:29 Bow Saw
17:22 Gold Shaft Mining
16:51 Heavy Plow
23:23 Wheelbarrow
28:30 Imperial Age
26:02 Stone Mining
27:09 Marauders
27:38 Chain Barding Armor
27:54 Iron Casting
27:42 Hand Cart
27:12 Town Watch
27:59 Husbandry
28:10 Bloodlines
30:07 Elite Tarkan
32:53 Coinage
32:24 Caravan
32:34 Guilds
33:40 Plate Barding Armor
34:05 Blast Furnace
39:01 Banking
48:33 Parthian Tactics
47:28 Heavy Cavalry Archer
48:14 Thumb Ring
55:13 Ballistics
55:54 Chemistry
kikekalimar
7:42 Feudal Age
6:21 Loom
8:44 Double-Bit Axe
8:55 Gold Mining
9:43 Wheelbarrow
8:33 Man-at-Arms
10:49 Stone Mining
18:17 Castle Age
16:37 Forging
16:51 Fletching
18:59 Bodkin Arrow
18:38 Elite Skirmisher
21:13 Iron Casting
21:21 Scale Mail Armor
23:15 Chain Mail Armor
23:53 Horse Collar
24:57 Caravan
25:02 Pikeman
25:03 Long Swordsman
25:51 Padded Archer Armor
30:05 Heavy Plow
30:26 Leather Archer Armor
30:59 Husbandry
34:04 Imperial Age
31:39 Squires
33:29 Scale Barding Armor
33:08 Crossbowman
34:24 Bow Saw
34:48 Bracer
35:19 Ring Archer Armor
35:07 Guilds
34:34 Imperial Skirmisher
34:38 Two-Handed Swordsman
35:47 Paper Money
36:12 Halberdier
36:54 Cavalier
39:00 Chemistry
37:41 Treadmill Crane
39:01 Murder Holes
41:25 Elite Rattan Archer
43:19 Two-Man Saw
43:32 Plate Mail Armor
46:36 Hand Cart
54:36 Onager
56:17 Chain Barding Armor
56:21 Light Cavalry
57:12 Bloodlines
56:38 Champion
DOLAR2305
0:43 Loom
3:38 Wheelbarrow
3:41 Double-Bit Axe
12:22 Feudal Age
10:51 Horse Collar
11:10 Gold Mining
11:20 Stone Mining
13:18 Hand Cart
13:17 Bow Saw
13:17 Heavy Plow
14:03 Gold Shaft Mining
14:04 Stone Shaft Mining
19:12 Castle Age
20:09 Husbandry
19:30 Cavalier
20:22 Forging
20:18 Scale Barding Armor
21:15 Crop Rotation
21:51 Two-Man Saw
24:31 Imperial Age
24:17 Iron Casting
28:10 Blast Furnace
28:38 Paladin
29:41 Chain Barding Armor
29:48 Conscription
29:35 Burgundian Vineyards
35:13 Plate Barding Armor
34:38 Town Watch
36:00 Chemistry
34:41 Treadmill Crane
34:58 Murder Holes
44:40 Bombard Tower
46:50 Caravan
47:02 Onager
47:52 Scale Mail Armor
54:00 Squires
53:46 Arson
ThomasTheDANKengine
5:13 Loom
8:03 Feudal Age
8:35 Double-Bit Axe
8:34 Horse Collar
17:06 Castle Age
17:00 Wheelbarrow
19:02 Gold Mining
22:24 Hand Cart
25:15 Bow Saw
28:40 Imperial Age
26:41 Fortified Wall
27:07 Forging
26:58 Scale Mail Armor
26:48 Fletching
27:00 Padded Archer Armor
27:06 Scale Barding Armor
29:07 Ballistics
31:52 Conscription
31:36 Squires
30:59 Pikeman
31:53 Caravan
32:09 Husbandry
33:30 Heavy Plow
35:15 Two-Man Saw
34:17 Halberdier
40:12 Chain Mail Armor
40:36 Elite Skirmisher
41:22 Thumb Ring
42:57 Plate Mail Armor
43:03 Iron Casting
42:23 Bodkin Arrow
42:44 Leather Archer Armor
42:51 Chain Barding Armor
44:03 Onager
60:18 Elite Varangian Guard
62:07 Plate Barding Armor
yandjin.xyz
0:28 Loom
9:27 Feudal Age
9:57 Double-Bit Axe
9:53 Horse Collar
13:56 Man-at-Arms
16:52 Castle Age
15:40 Arson
17:53 Bow Saw
18:39 Forging
18:30 Scale Mail Armor
17:52 Long Swordsman
17:57 Pikeman
24:06 Iron Casting
23:46 Chain Mail Armor
23:39 Squires
24:11 Chain Mail Armor
25:16 Heavy Plow
34:10 Imperial Age
35:16 Two-Handed Swordsman
36:27 Plate Mail Armor
36:58 Blast Furnace
36:41 Conscription
37:43 Caravan
37:59 Capped Ram
38:34 Champion
38:41 Champion
43:07 Siege Ram
54:46 Two-Man Saw
54:12 Chieftains
54:58 Crop Rotation
55:10 Murder Holes
minipud13
9:41 Feudal Age
10:07 Horse Collar
10:13 Double-Bit Axe
10:27 Gold Mining
12:31 Loom
17:01 Castle Age
19:06 Wheelbarrow
18:43 Bow Saw
18:37 Heavy Plow
20:25 Gold Shaft Mining
19:49 Stone Mining
20:37 Pikeman
21:12 Fletching
21:23 Scale Mail Armor
22:27 Crossbowman
25:46 Hand Cart
29:43 Imperial Age
29:50 Bodkin Arrow
29:57 Padded Archer Armor
30:09 Forging
30:16 Caravan
30:18 Arbalester
31:07 Bracer
32:32 Ballistics
33:14 Chemistry
32:29 Fortified Wall
33:09 Siege Engineers
33:18 Masonry
35:08 Leather Archer Armor
35:31 Iron Casting
34:56 Murder Holes
35:40 Conscription
37:50 Halberdier
40:55 Warwolf
43:24 Blast Furnace
42:56 Ring Archer Armor
42:42 Chain Mail Armor
55:55 Yeomen
60:42 Squires
60:27 Arson
60:45 Arson
61:01 Squires
Connection lost

Rejoining the realm…

Still unreachable

The connection could not be restored.

Session expired

The server has moved on; the page needs a fresh start.